 Dungeon Crawl Stone Soup version 0.28.0-53-g5a82cb258f (webtiles) character file.

Game seed: 6090135159220897649

199 safid the Chopper (level 5, 0/46 HPs)
             Began as a Hill Orc Fighter on May 28, 2022.
             Slain by a black bear (2 damage)
             ... on level 7 of the Dungeon.
             The game lasted 00:03:02 (3432 turns).

safid the Chopper (Hill Orc Fighter)                Turns: 3432, Time: 00:03:03

Health: 0/46       AC:  8    Str: 21    XL:     5   Next: 77%
Magic:  5/5        EV:  9    Int:  8    God:
Gold:   98         SH:  4    Dex: 10    Spells: 4/4 levels left

rFire   . . .      SeeInvis .   a - +0 war axe
rCold   . . .      Faith    .   c - +0 buckler
rNeg    . . .      Spirit   .   b - +0 scale mail
rPois   .          Reflect  .   n - +0 helmet
rElec   .          Harm     .   (no cloak)
rCorr   .          Rampage  .   (no gloves)
Will    .....                   (no boots)
Stlth   ..........              (no amulet)
HPRegen 0.15/turn               (no ring)
MPRegen 0.09/turn               (no ring)

@: no status effects
A: no striking features
a: no special abilities


You were on level 7 of the Dungeon.
You visited 1 branch of the dungeon, and saw 5 of its levels.

You collected 98 gold pieces.

Inventory:

Hand Weapons
 a - a +0 war axe (weapon)
Missiles
 t - 3 javelins (quivered)
Armour
 b - a +0 scale mail (worn)
 c - a +0 buckler (worn)
 n - a +0 helmet (worn)
Wands
 q - a wand of charming (4)
Scrolls
 f - a scroll of teleportation {unknown}
 i - 5 scrolls of identify {unknown}
 j - a scroll of noise {unknown}
 m - a scroll of blinking {unknown}
 s - a scroll of fear {unknown}
Potions
 d - 2 potions of might
 e - a potion of curing {unknown}
 g - a potion of degeneration {unknown}
 h - 3 potions of mutation {unknown}
 k - a potion of attraction {unknown}
 l - a potion of haste {unknown}
 r - a potion of brilliance {unknown}


   Skills:
 - Level 4.0 Fighting
 + Level 6.4 Axes
 - Level 4.0 Armour
 - Level 4.0 Shields


You had 4 spell levels left.
You didn't know any spells.
Your spell library was empty.

Dungeon Overview and Level Annotations

Branches:
Dungeon (4/15)
 Temple: D:4-7

Altars:
Nemelex Xobeh
Okawaru
Uskayaw
Vehumet
Zin

Shops:
D:4 :


Message History

You hit the black bear but do no damage.
You feel sick. The scorpion stings you. You block the black bear's attack.
The black bear claws you. x2; The scorpion barely misses you.
Unknown command.
You hit the scorpion.
You kill the scorpion!
You closely miss the black bear.
You feel sick.
You are no longer poisoned.
The black bear barely misses you.
The black bear claws you but does no damage.
The black bear claws you. The black bear bites you.
The black bear barely misses you. You block the black bear's attack.
Your Axes skill increases to level 6!
You hit the black bear.
The black bear is heavily wounded.
You hit the shadow imp. The shadow imp misses you. The black bear bites you.
* * * LOW HITPOINT WARNING * * *
The black bear barely misses you.
The black bear claws you but does no damage.
The shadow imp hits you but does no damage.
As you read the scroll labelled NUAPOH GURUX, it crumbles to dust.
The scroll dissolves into smoke.
It was a scroll of fog.
The black bear bites you but does no damage.
The black bear barely misses you. The black bear claws you.
* * * LOW HITPOINT WARNING * * *
The shadow imp barely misses you.
As you read the scroll labelled TURUNW UCVEFA, it crumbles to dust.
Your body is wracked with pain!
* * * LOW HITPOINT WARNING * * *
The black bear convulses!
It was a scroll of torment.
The black bear goes berserk!
The shadow imp hits you but does no damage.
Unknown command.
You hit the black bear but do no damage.
The black bear is severely wounded.
You closely miss the shadow imp. The black bear closely misses you.
The black bear claws you.
* * * LOW HITPOINT WARNING * * *
The black bear claws you.
You die...

.........# .....
#........##.....
##.#.##.........
# ##.........
#..........
#....#.....
#...###....
###§## ....
#@55.# ..#
##h§.# ## #####


You could see a black bear (berserk), a white imp and a shadow imp.

Vanquished Creatures
  A scorpion (D:7)
  A centaur skeleton (D:7)
  4 adders (D:2)
  2 worms (D:3)
  2 dart slugs (D:2)
  An orc (D:3)
  8 ball pythons
  5 bats
  5 endoplasms
  5 giant cockroaches
  3 goblins
  5 hobgoblins
  11 jackals
  A quokka (D:4)
  2 kobolds
  5 rats
61 creatures vanquished.

Notes
Turn   | Place    | Note
-------+----------+-------------------------------------------
     0 | D:1      | safid the Hill Orc Fighter began the quest for the Orb.
     0 | D:1      | Reached XP level 1. HP: 19/19 MP: 1/1
    50 | D:1      | Reached XP level 2. HP: 27/27 MP: 2/2
   126 | D:1      | Reached skill level 3 in Axes
   639 | D:1      | Reached XP level 3. HP: 33/33 MP: 3/3
   642 | D:1      | Found a faded altar of an unknown god.
  1803 | D:2      | Reached XP level 4. HP: 40/40 MP: 4/4
  1839 | D:2      | Reached skill level 4 in Axes
  2691 | D:3      | Found a radiant altar of Vehumet.
  2814 | D:3      | Reached skill level 5 in Axes
  2872 | D:3      | Found an iron altar of Okawaru.
  3229 | D:3      | Found a glowing silver altar of Zin.
  3229 | D:3      | Found a hide-covered altar of Uskayaw.
  3229 | D:3      | Found a sparkling altar of Nemelex Xobeh.
  3341 | D:4      | Found Zuowio's Book Shoppe.
  3406 | D:4      | You fall into a shaft and drop 3 floors!
  3409 | D:7      | Noticed a scorpion
  3412 | D:7      | Reached XP level 5. HP: 46/46 MP: 5/5
  3412 | D:7      | Noticed a black bear
  3429 | D:7      | Reached skill level 6 in Axes
  3432 | D:7      | HP: 2/46 [black bear (2)]
  3432 | D:7      | Slain by a black bear

Illustrated notes

Levels and vault maps discovered:
D:1:      enne_arrival_octagon_isle, layout_loops_ring,
          ebering_ecumenical_altar_webs, serial_park_tiny_2
D:2:      minmay_diamond_boxcup, layout_loops_corners, minmay_tripent
D:3:      layout_loops_ring, gammafunk_temple_overflow_claw,
          lemuel_coloured_pillars_altar, mainiacjoe_overflow_alcove_4
D:4:      layout_loops_ring, xom_teletrap_fun, minmay_temple_entry_proselytizer,
          serial_shops, nicolae_shop_temple_entry_statues_fountains,
          item_on_display_a
D:7:      layout_cave_pools, uniq_crazy_yiuf_cottage

Skill      XL: |  1  2  3  4  5 |
---------------+----------------+-----
Axes           | 3 5 6 |  6.4
Fighting       | 4 |  4.0
Armour         | 4 |  4.0
Shields        | 4 |  4.0

Action                   |  1- 3 |  4- 6 || total
-------------------------+-------+-------++-------
Melee: War axe           |    88 |    92 ||   180
Throw: Javelin           |       |     1 ||     1
  Use: Scroll            |       |     2 ||     2
Armor: Scale mail        |    45 |    63 ||   108
Dodge: Dodged            |    42 |    55 ||    97
Block: Buckler           |    25 |    25 ||    50
